 Dungeon Crawl Stone Soup version 0.31-a0-981-geadf994542 (webtiles) character file.

Game seed: 797548209841965723

58 sokol815 the Poker (level 4, -1/31 HPs)
             Began as an Octopode Fighter on Nov 2, 2023.
             Slain by a gnoll
             ... wielding a +3 spear of flaming
              (12 damage)
             ... on level 2 of the Dungeon.
             The game lasted 00:02:39 (1489 turns).

sokol815 the Poker (Octopode Fighter)               Turns: 1489, Time: 00:02:40

Health: -1/31      AC:  1    Str: 15    XL:     4   Next: 2%
Magic:  4/4        EV: 13    Int: 10    God:
Gold:   85         SH:  4    Dex: 13    Spells: 3/3 levels left

rFire   . . .        a - +0 trident
rCold   . . .        b - +0 buckler
rNeg    . . .        (helmet restricted)
rPois   .            c - amulet of magic regeneration
rElec   .            (no ring)
rCorr   .            (no ring)
SInv    .            (no ring)
Will    .....        (no ring)
Stlth   ++           (no ring)
HPRegen 0.25/turn    (no ring)
MPRegen 0.49/turn    (no ring)
                     (no ring)

%: no passive effects
@: no status effects
A: almost no armour, amphibious, 8 rings, camouflage 1, gelatinous body 1,
(nimble swimmer 1), tentacles
a: no special abilities


You were on level 2 of the Dungeon.
You visited 1 branch of the dungeon, and saw 2 of its levels.

You collected 85 gold pieces.

Inventory:

Hand Weapons
 a - a +0 trident (weapon)
Missiles
 s - 11 stones
Armour
 b - a +0 buckler (worn)
 e - an orb of energy
   (You found it on level 1 of the Dungeon)
Jewellery
 c - an amulet of magic regeneration (around mantle)
   (You found it on level 1 of the Dungeon)
Scrolls
 d - a scroll of teleportation {unknown}
 g - a scroll of identify {unknown}
 j - a scroll of poison {unknown}
 k - a scroll of enchant weapon {unknown}
Potions
 f - a potion of brilliance {unknown}
 h - a potion of invisibility {unknown}
 i - a potion of degeneration {unknown}
 M - a potion of might


   Skills:
 - Level 3.0 Fighting
 + Level 4.2 Polearms
 - Level 3.0 Dodging
 - Level 3.0 Shields


You had 3 spell levels left.
You didn't know any spells.
Your spell library contained the following spells:

 Spells                   Type           Power      Damage    Failure   Level
 Blink                    Tloc           0%         N/A       58%         2
 Manifold Assault         Tloc           0%         N/A       99%         4


Dungeon Overview and Level Annotations

Branches:
Dungeon (2/15) Zot: 10495

Altars:


Innate Abilities, Weirdness & Mutations

You cannot wear most types of armour.
You are amphibious.
You can wear up to eight rings at the same time.
Your skin changes colour to match your surroundings (Stealth+).
Your rubbery body absorbs attacks. (AC +1, EV +1)
((You are camouflaged when in or above water. (Stealth+)))
You have tentacles for arms and can constrict up to eight enemies at once.


Message History

The hobgoblin attacks as it pursues you!
The hobgoblin hits you but does no damage.
There is a stone staircase leading up here.
The hobgoblin misses you.
You climb upwards.
There is a stone staircase leading down here.
Health restored: 26 You barely miss the hobgoblin.
Your grab misses the hobgoblin. Your squeeze misses the hobgoblin.
The hobgoblin misses you.
You hit the hobgoblin. Your grab misses the hobgoblin.
The hobgoblin misses you.
You hit the hobgoblin.
You kill the hobgoblin!
No target in view!
You climb downwards.
The gnoll barely misses you.
There is a stone staircase leading up here.
The gnoll barely misses you.
The gnoll hits you from afar with a +0 spear!
You climb upwards.
There is a stone staircase leading down here.
You take 9 damage, and have 17/26 hp.
MASSIVE DAMAGE!!
You closely miss the gnoll. Your grab misses the gnoll.
The gnoll barely misses you. The gnoll closely misses you.
You closely miss the gnoll. Your grab misses the gnoll. You squeeze the gnoll!
You block the gnoll's attack.
You hit the gnoll. Your grab misses the gnoll. You block the gnoll's attack.
You barely miss the gnoll. Your grab misses the gnoll.
The gnoll hits you with a +0 club.
You take 2 damage, and have 16/26 hp.
You hit the gnoll.
You kill the gnoll!
Your Polearms skill increases to level 4!
You see here a +0 club.
There is a stone staircase leading down here.
You start resting.
Health restored: 26 You climb downwards.
The gnoll hits you from afar with a +0 spear!
There is a stone staircase leading up here.
You take 7 damage, and have 19/26 hp.
MASSIVE DAMAGE!!
The gnoll attacks as it pursues you! You block the gnoll's attack.
There is a stone staircase leading up here.
The gnoll hits you from afar with a +3 spear of flaming!
The gnoll burns you. The gnoll closely misses you.
You climb upwards.
There is a stone staircase leading down here.
You take 11 damage, and have 9/26 hp.
MASSIVE DAMAGE!!
You puncture the gnoll! You grab the gnoll. You constrict the gnoll.
The gnoll hits you with a +0 spear!
* * * LOW HITPOINT WARNING * * *
You take 8 damage, and have 1/26 hp.
MASSIVE DAMAGE!!
You hit the gnoll.
You kill the gnoll!
You have reached level 4!
MP restored: 4 Unknown command.
You start resting.
Health restored: 31 You climb downwards.
The gnoll closely misses you.
There is a stone staircase leading up here.
Reach: a) +0 trident
Press: ? - help, Dir - move target, f - gnoll
Aim: a gnoll, wielding a +3 spear of flaming (about 37% to evade your +0 trident)
You reach to attack!
You closely miss the gnoll.
The gnoll hits you from afar with a +3 spear of flaming.
The gnoll burns you.
The gnoll hits you from afar with a +3 spear of flaming!
The gnoll burns you!
* * * LOW HITPOINT WARNING * * *
You take 26 damage, and have 5/31 hp.
MASSIVE DAMAGE!!
The gnoll closely misses you.
You climb upwards.
There is a stone staircase leading down here.
You start resting.
Health restored: 31 You climb downwards.
There is a stone staircase leading up, spattered with blood here.
The gnoll hits you from afar with a +3 spear of flaming.
The gnoll burns you.
You take 3 damage, and have 28/31 hp.
The gnoll hits you with a +3 spear of flaming!
The gnoll burns you.
You take 9 damage, and have 19/31 hp.
MASSIVE DAMAGE!!
You barely miss the gnoll. Your grab misses the gnoll.
The gnoll hits you with a +3 spear of flaming!
The gnoll burns you.
You take 9 damage, and have 10/31 hp.
MASSIVE DAMAGE!!
You barely miss the gnoll. Your grab misses the gnoll.
The gnoll closely misses you.
You hit the gnoll but do no damage. You grab the gnoll.
You constrict the gnoll.
The gnoll hits you with a +3 spear of flaming!
You die...

.>...#..#.(.#.................
#..........g#.##...####.#.....
#.........#.......... ..#.....
#..........#.##...## ........
..............................
.....#.....##.####...........#
...........##......... .....
....#.................
.....#........@g.......
#....................#
#...........<........##
.....................#
#.........###........
#.........#..........
#####....................
.........................
..........##..........###


You could see a gnoll.

Vanquished Creatures
  An adder (D:2)
  2 gnolls (D:1)
  4 dart slugs (D:1)
  2 endoplasms (D:1)
  2 giant cockroaches (D:1)
  A goblin (D:1)
  2 hobgoblins (D:1)
  A quokka (D:1)
  3 bats
  A frilled lizard (D:1)
  2 kobolds (D:1)
  2 rats (D:1)
23 creatures vanquished.

Notes
Turn   | Place    | Note
-------+----------+-------------------------------------------
     0 | D:1      | sokol815 the Octopode Fighter began the quest for the Orb.
     0 | D:1      | Reached XP level 1. HP: 16/16 MP: 1/1
   114 | D:1      | Reached XP level 2. HP: 16/21 MP: 2/2
   421 | D:1      | Reached skill level 3 in Polearms
   619 | D:1      | Reached XP level 3. HP: 25/26 MP: 3/3
  1215 | D:1      | Reached skill level 4 in Polearms
  1260 | D:1      | HP: 1/26 [gnoll/+0 spear (9)]
  1262 | D:1      | Reached XP level 4. HP: 1/31 MP: 4/4
  1382 | D:2      | HP: 5/31 [gnoll/+3 spear of flaming (7)]
  1489 | D:2      | Slain by a gnoll

Illustrated notes

Levels and vault maps discovered:
D:1:      evilmike_arrival_hilbert_curve, layout_basic,
          minmay_misc_feat_encased, grunt_decor_resistance
D:2:      layout_basic, serial_shops, nicolae_shop_tiny_real_fake_doors,
          basic_altar, minmay_increasing_density

Skill      XL: |  1  2  3 |
---------------+----------+-----
Polearms       | 3 4 |  4.2
Fighting       | |  3.0
Dodging        | |  3.0
Shields        | |  3.0

Action                     |  1- 3 |  4- 6 || total
---------------------------+-------+-------++-------
  Melee: Trident           |    52 |     4 ||    56
         Constrict         |     9 |     1 ||    10
         Tentacles         |     6 |       ||     6
   Stab: Sleeping          |     7 |       ||     7
 Armour: Skin              |    18 |     6 ||    24
  Dodge: Dodged            |    17 |     3 ||    20
  Block: Buckler           |    10 |       ||    10

Table legend: (Time is in decaauts)
 A = Elapsed time spent in this place.
 B = Non-inter-level travel time spent in this place.
 C = Inter-level travel time spent in this place.
 D = Time resting spent in this place.
 E = Time spent auto-exploring this place.
 F = Levels seen in this place.
 G = Mean time per level.
                   A        B        C        D        E       F      G
               +--------+--------+--------+--------+--------+-----+--------+
         Total |   1503 |   1451 |     52 |    253 |    986 |   2 |  751.5 |
       Dungeon |   1503 |   1451 |     52 |    253 |    986 |   2 |  751.5 |
               +--------+--------+--------+--------+--------+-----+--------+

Top non-repeatable levels by time:
     D:1: 1315 daAuts
     D:2: 187 daAuts

Levels and vault maps discovered:
D:1:      evilmike_arrival_hilbert_curve, layout_basic,
          minmay_misc_feat_encased, grunt_decor_resistance
D:2:      layout_basic, serial_shops, nicolae_shop_tiny_real_fake_doors,
          basic_altar, minmay_increasing_density

Table legend: (Time is in decaauts)
 A = Elapsed time spent in this place.
 B = Non-inter-level travel time spent in this place.
 C = Inter-level travel time spent in this place.
 D = Time resting spent in this place.
 E = Time spent auto-exploring this place.
 F = Levels seen in this place.
 G = Mean time per level.
                   A        B        C        D        E       F      G
               +--------+--------+--------+--------+--------+-----+--------+
         Total |   1503 |   1451 |     52 |    253 |    986 |   2 |  751.5 |
       Dungeon |   1503 |   1451 |     52 |    253 |    986 |   2 |  751.5 |
               +--------+--------+--------+--------+--------+-----+--------+

Top non-repeatable levels by time:
     D:1: 1315 daAuts
     D:2: 187 daAuts

Table legend:
 A = Kills in this place as a percentage of kills in the entire game.
 B = Kills by you in this place as a percentage of kills by you in the entire game.
 C = Kills by friends in this place as a percentage of kills by friends in the entire game.
 D = Other kills in this place as a percentage of other kills in the entire game.
 E = Experience gained in this place as a percentage of experience gained in the entire game.
 F = Experience gained in this place divided by the number of levels of this place that you have seen.
                   A       B       C       D       E      F
               +-------+-------+-------+-------+-------+----------------------
         Total | 100.0 | 100.0 |   N/A |   N/A | 100.0 |  42.0
       Dungeon | 100.0 | 100.0 |   N/A |   N/A | 100.0 |  42.0
               +-------+-------+-------+-------+-------+----------------------
